 Dungeon Crawl Stone Soup version 0.30-a0-728-gc68057be0a (webtiles) character file.

Game seed: 3611029580821770662

73 Fenrisus the Stinger (level 4, 0/27 HPs)
             Began as an Octopode Venom Mage on Jan 30, 2023.
             Slain by a rat (3 damage)
             ... on level 2 of the Dungeon.
             The game lasted 00:07:35 (1800 turns).

Fenrisus the Stinger (Octopode Venom Mage)          Turns: 1800, Time: 00:07:36

Health: 0/27       AC:  1    Str:  7    XL:     4   Next: 27%
Magic:  7/7        EV: 13    Int: 19    God:
Gold:   101        SH:  0    Dex: 12    Spells: 4/8 levels left

rFire   . . .      SeeInvis .    (no weapon)
rCold   . . .      Faith    .    (no shield)
rNeg    + . .      Spirit   .    (helmet restricted)
rPois   .          Reflect  .    (no amulet)
rElec   .          Harm     .    d - ring of positive energy
rCorr   .          Rampage  .    (no ring)
Will    .....                    (no ring)
Stlth   +++                      (no ring)
HPRegen 0.24/turn                (no ring)
MPRegen 0.10/turn                (no ring)
                                 (no ring)
                                 (no ring)

@: lethally poisoned (0 -> -7)
A: almost no armour, amphibious, 8 rings, camouflage 1, gelatinous body 1,
(nimble swimmer 1), tentacles
a: no special abilities


You were on level 2 of the Dungeon.
You visited 1 branch of the dungeon, and saw 2 of its levels.

You collected 101 gold pieces.

Inventory:

Missiles
 m - a throwing net
Jewellery
 d - a ring of positive energy (left tentacle)
Scrolls
 a - 2 scrolls of teleportation {unknown}
 b - a scroll of fog {unknown}
 f - 2 scrolls of vulnerability {unknown}
 g - a scroll of poison {unknown}
 l - a scroll of fear {unknown}
 n - a scroll of brand weapon {unknown}
Potions
 c - 2 potions of heal wounds {unknown}
 e - a potion of degeneration {unknown}
 h - a potion of ambrosia {unknown}
 i - 2 potions of curing {unknown}
 j - 2 potions of berserk rage {unknown}
 k - a potion of might {unknown}
 o - a potion of magic


   Skills:
 + Level 2.5 Dodging
 + Level 3.6 Stealth
 + Level 2.5 Spellcasting
 + Level 1.9 Transmutations
 + Level 4.2 Poison Magic


You had 4 spell levels left.
You knew the following spells:

 Your Spells              Type           Power      Damage    Failure   Level
a - Sting                 Tmut/Pois      56%        1d5       4%          1
b - Mephitic Cloud        Conj/Pois/Air  7%         N/A       26%         3

Your spell library contained the following spells:

 Spells                   Type           Power      Damage    Failure   Level
 Poisonous Vapours        Pois/Air       20%        N/A       11%         2
 Blink                    Tloc           4%         N/A       24%         2
 Olgreb's Toxic Radiance  Pois           18%        N/A       28%         4
 Manifold Assault         Tloc           2%         N/A       85%         4
 Storm Form               Tmut/Air       3%         N/A       100%        7


Dungeon Overview and Level Annotations

Branches:
Dungeon (2/15)

Altars:
Ru


Innate Abilities, Weirdness & Mutations

You cannot wear most types of armour.
You are amphibious.
You can wear up to eight rings at the same time.
Your skin changes colour to match your surroundings (Stealth+).
Your rubbery body absorbs attacks. (AC +1, EV +1)
((You are camouflaged when in or above water. (Stealth+)))
You have tentacles for arms and can constrict up to eight enemies at once.


Message History

The adder misses you. The adder bites you.
You are poisoned.
The adder poisons you!
You miss the adder. Your grab misses the adder.
The adder is moderately wounded.
You feel sick. The adder closely misses you.
You barely miss the adder. Your grab misses the adder.
The adder is moderately wounded.
You feel sick. The adder bites you.
The rat twitches its whiskers.
The rat barely misses you.
You tentacle-slap the adder but do no damage.
Your grab misses the adder. Your squeeze misses the adder.
The adder is moderately wounded.
You feel sick. The adder bites you.
You are more poisoned.
The adder poisons you! The rat bites you.
You tentacle-slap the adder but do no damage.
Your grab misses the adder.
The adder is moderately wounded.
You feel sick. The adder barely misses you. The adder bites you.
The rat closely misses you.
You are too injured to fight recklessly!
You are too injured to fight recklessly!
You are too injured to fight recklessly!
You are too injured to fight recklessly!
You tentacle-slap the adder. Your grab misses the adder.
The adder is heavily wounded.
You feel sick. The adder bites you.
* * * LOW HITPOINT WARNING * * *
You are lethally poisoned!
The adder poisons you! The rat bites you.
* * * LOW HITPOINT WARNING * * *
You barely miss the adder. You grab the adder.
The adder is heavily wounded.
You constrict the adder.
* * * LOW HITPOINT WARNING * * *
You feel very sick. The adder barely misses you. The rat bites you.
You die...

### #####.# ##.#.# #.....#
####'#+#### #'##..# #......†...
#..##.########..........
#..##.#........._.......
##########..##########...........
.........#..##....# ##......####
#.########..##...S# ####...#
..### ##8..8##.@# ##### ....#
+......'.r# ##### #..##..#..#
######## # ########..# #....... #
....# #....... ##### #....#
#....... ....# ####+# #.......
###.# #######....... .##.#
#.............


You could see an adder and a rat.

Vanquished Creatures
  3 adders (D:2)
  A dart slug (D:2)
  4 endoplasms
  4 goblins (D:1)
  4 hobgoblins
  4 jackals (D:1)
  5 kobolds
  3 quokkas (D:1)
  3 ball pythons
  3 bats
  A frilled lizard (D:2)
  8 rats
43 creatures vanquished.

Notes
Turn   | Place    | Note
-------+----------+-------------------------------------------
     0 | D:1      | Fenrisus the Octopode Venom Mage began the quest for the
                  | Orb.
     0 | D:1      | Reached XP level 1. HP: 11/11 MP: 3/3
   281 | D:1      | Reached XP level 2. HP: 16/17 MP: 3/5
   392 | D:1      | Found a faded altar of an unknown god.
   587 | D:1      | Reached XP level 3. HP: 19/21 MP: 3/6
   915 | D:2      | Learned a level 3 spell: Mephitic Cloud
   984 | D:2      | Reached skill level 4 in Poison Magic
  1420 | D:2      | Reached XP level 4. HP: 22/27 MP: 3/7
  1669 | D:2      | Found a sacrificial altar of Ru.
  1800 | D:2      | Slain by a rat

Illustrated notes

Levels and vault maps discovered:
D:1:      amcnicky_arrival_double_pillar, layout_loops_ring,
          hellmonk_ecumenical_altar_lost_god, minivault_19
D:2:      minmay_chambers_of_twos, layout_basic, basic_altar, kennysheep_path_1

Skill      XL: |  1  2  3 |
---------------+----------+-----
Stealth        | 3 |  3.6
Poison Magic   | 4 |  4.2
Dodging        | |  2.5
Spellcasting   | |  2.5
Transmutations | |  1.9

Action                     |  1- 3 |  4- 6 || total
---------------------------+-------+-------++-------
  Melee: Unarmed           |    44 |    27 ||    71
         Tentacles         |    16 |     5 ||    21
         Constrict         |    10 |     6 ||    16
         Punch             |     1 |     1 ||     2
   Cast: Sting             |    50 |       ||    50
         Mephitic Cloud    |     2 |       ||     2
    Use: Potion            |     2 |       ||     2
   Stab: Sleeping          |       |     1 ||     1
 Armour: Skin              |     1 |     5 ||     6
  Dodge: Dodged            |    40 |    23 ||    63

Table legend: (Time is in decaauts)
 A = Elapsed time spent in this place.
 B = Non-inter-level travel time spent in this place.
 C = Inter-level travel time spent in this place.
 D = Time resting spent in this place.
 E = Time spent auto-exploring this place.
 F = Levels seen in this place.
 G = Mean time per level.
                   A        B        C        D        E       F      G
               +--------+--------+--------+--------+--------+-----+--------+
         Total |   1799 |   1493 |    306 |    206 |    950 |   2 |  899.5 |
       Dungeon |   1799 |   1493 |    306 |    206 |    950 |   2 |  899.5 |
               +--------+--------+--------+--------+--------+-----+--------+

Top non-repeatable levels by time:
     D:2: 947 daAuts
     D:1: 851 daAuts
